 Dungeon Crawl Stone Soup version 0.25-a0-341-g6f074c887a (webtiles) character file.

Game seed: 6074030742087780847, levelgen mode: deterministic

480 Lanoc the Magician (level 7, -1/50 HPs)
             Began as a Ghoul Wizard on Dec 30, 2019.
             Slain by an orc wizard
             ... wielding a +0 dagger of speed
              (6 damage)
             ... on level 5 of the Dungeon.
             The game lasted 00:10:59 (4009 turns).

Lanoc the Magician (Ghoul Wizard)                   Turns: 4009, Time: 00:10:59

Health: -1/50      AC:  5    Str: 11    XL:     7   Next: 12%
Magic:  10/13      EV: 12    Int: 15    God:
Gold:   193        SH:  0    Dex:  7    Spells: 5/16 levels left

rFire    . . .     SeeInvis .   v - +0 quarterstaff
rCold    + . .     Gourm    .   (shield currently unavailable)
rNeg     + + +     Faith    .   a - +0 robe
rPois    ∞         Spirit   .   b - +0 hat
rElec    .         Reflect  .   s - scarf {cloud immunity}
rCorr    .         Harm     .   (no gloves)
MR       .....                  (no boots)
Stlth    ++........             (no amulet)
HPRegen  0.00/turn              i - +3 ring of protection
MPRegen  0.13/turn              (no ring)

@: very slightly contaminated, rotting
A: rotting body, claws 1, carnivore, cold resistance 1, negative energy
resistance 3, inhibited regeneration, torment resistance, unbreathing
a: no special abilities


You were on level 5 of the Dungeon.
You were not hungry.

You visited 1 branch of the dungeon, and saw 5 of its levels.

You collected 193 gold pieces.

Inventory:

Hand Weapons
 v - a +0 quarterstaff (weapon)
Missiles
 c - 40 bolts
 g - 47 sling bullets
 j - 6 atropa-tipped darts (quivered)
 r - 51 arrows
Armour
 a - a +0 robe (worn)
 b - a +0 hat (worn)
 s - a scarf of cloud immunity (worn)
Jewellery
 i - a +3 ring of protection (left claw)
Scrolls
 e - a scroll of teleportation {unknown}
 f - a scroll of identify
 h - a scroll of enchant armour {unknown}
 l - 2 scrolls of remove curse {unknown}
 n - a scroll of magic mapping {unknown}
 o - 3 scrolls of fear {unknown}
 p - a scroll of immolation {unknown}
 q - 3 scrolls of fog {unknown}
Potions
 k - a potion of haste
 m - a potion of flight {unknown}
 t - a potion of ambrosia {unknown}
 u - 2 potions of cancellation {unknown}
Comestibles
 d - 12 rations


   Skills:
 + Level 3.6 Dodging
 - Level 2.1 Stealth
 * Level 5.1 Spellcasting
 + Level 2.9 Conjurations
 - Level 0.8 Summonings
 - Level 0.8 Translocations


You had 5 spell levels left.
You knew the following spells:

 Your Spells              Type           Power        Failure   Level  Hunger
a - Magic Dart            Conj           ##..         4%          1    None
b - Blink                 Tloc           N/A          17%         2    ##.....
c - Call Imp              Summ           #.......     17%         2    ##.....
d - Mephitic Cloud        Conj/Pois/Air  #.......     32%         3    ###....
e - Conjure Flame         Conj/Fire      #.......     26%         3    ###....

Your spell library contained the following spells:

 Spells                   Type           Power        Failure   Level  Hunger
 Slow                     Hex            #.......     24%         2    ##.....


Dungeon Overview and Level Annotations

Branches:
Dungeon (5/15)
 Temple: D:4-7

Altars:
Makhleb
Okawaru
Trog

Annotations:
D:2 Sigmund


Innate Abilities, Weirdness & Mutations

Your body is rotting away.
You thrive on raw meat.
You are immune to poison.
You have sharp fingernails.
You are carnivorous and can eat meat at any time.
Your flesh is cold resistant. (rC+)
You are immune to negative energy. (rN+++)
You do not regenerate when monsters are visible.
You are immune to unholy pain and torment.
You can survive without breathing.


Message History

You hear some strange, mumbled words.
A puff of frost appears from out of thin air!
The puff of frost misses you.
You hit something. Something hits you.
You hear some strange, mumbled words.
A puff of frost appears from out of thin air!
The puff of frost hits you but does no damage.
You resist. Something hits you but does no damage.
You closely miss something. Something hits you but does no damage.
You closely miss something. Something hits you.
You hear some strange, mumbled words.
A puff of frost appears from out of thin air!
The puff of frost misses you.
You completely miss something. Something hits you. x2
* * * LOW HITPOINT WARNING * * *
You miss something.
Something hits you but does no damage. x3
You completely miss something. Something hits you.
* * * LOW HITPOINT WARNING * * *
Something hits you.
You die...

#..# # #.># #
######<.##### ##
#............ #.. #
#.####..##### #...#. #.#
#..# # ......# #.#
#..##### .....Zc#######.##
#.......
.....oho{@......###.######
....)Zh#####........# #
....### ##...##########
#.. ##............ #
#############


You could see a centaur, 2 orcs, a quokka zombie, 2 jackals and a bullfrog
skeleton.

Vanquished Creatures
  2 eyes of draining (D:3)
  A phantom (D:4)
  A crimson imp (D:5)
  A hound zombie (D:5)
  5 adders
  An ooze (D:3)
  An adder skeleton (D:4)
  2 worms
  A dart slug (D:1)
  A leopard gecko (D:3)
  6 orcs
  2 giant cockroaches (D:1)
  4 goblins
  6 hobgoblins
  5 jackals
  A quokka (D:4)
  6 ball pythons
  6 bats
  5 frilled lizards
  3 kobolds
  A quokka skeleton (D:4)
  6 rats
67 creatures vanquished.

Vanquished Creatures (collateral kills)
  A hound (D:4)
  A worker ant (D:4)
  5 adders
  2 worms (D:3)
  A leopard gecko (D:4)
  An orc (D:5)
  A giant cockroach (D:3)
  4 ball pythons (D:4)
  A kobold (D:3)
  A rat (D:3)
18 creatures vanquished.

Grand Total: 85 creatures vanquished

Notes
Turn   | Place    | Note
-------+----------+-------------------------------------------
     0 | D:1      | Lanoc the Ghoul Wizard began the quest for the Orb.
     0 | D:1      | Reached XP level 1. HP: 14/14 MP: 3/3
   216 | D:1      | Reached skill level 1 in Conjurations
   223 | D:1      | Reached XP level 2. HP: 12/20 MP: 1/4
   235 | D:1      | Learned a level 2 spell: Blink
   238 | D:1      | Learned a level 2 spell: Call Imp
   341 | D:1      | Reached skill level 3 in Spellcasting
   716 | D:1      | Reached XP level 3. HP: 19/26 MP: 0/6
  1685 | D:2      | Noticed Sigmund
  1690 | D:3      | Found a burning altar of Makhleb.
  1843 | D:3      | HP: 1/26 [worm (10)]
  2154 | D:3      | Found an iron altar of Okawaru.
  2203 | D:3      | Reached XP level 4. HP: 23/33 MP: 2/8
  2596 | D:3      | Found a bloodstained altar of Trog.
  2596 | D:3      | Noticed an eye of draining
  2596 | D:3      | Noticed an eye of draining
  2681 | D:3      | Killed an eye of draining
  2681 | D:3      | Reached skill level 4 in Spellcasting
  2681 | D:3      | Reached XP level 5. HP: 26/38 MP: 0/10
  2695 | D:3      | Killed an eye of draining
  2695 | D:3      | Reached XP level 6. HP: 31/45 MP: 0/11
  2839 | D:4      | Learned a level 3 spell: Mephitic Cloud
  2843 | D:4      | Learned a level 3 spell: Conjure Flame
  3250 | D:4      | Noticed a phantom
  3309 | D:4      | Killed a phantom
  3929 | D:5      | Entered Level 5 of the Dungeon
  3946 | D:5      | Reached skill level 5 in Spellcasting
  3946 | D:5      | Reached XP level 7. HP: 40/50 MP: 13/13
  4009 | D:5      | Slain by an orc wizard

Levels and vault maps discovered:
D:1:      dpeg_arrival_rooms_a, layout_loops_ring
D:2:      layout_loops_corners, lemuel_round_altar, first_ration, minivault_5,
          hangedman_decor_points, uniq_sigmund, uniq_crazy_yiuf_cottage,
          uniq_natasha
D:3:      layout_rooms, trog_eyes_of_draining, okawaru_metal_pillars_1_2,
          bloody_makhleb
D:4:      kennysheep_six_static_rooms, layout_basic, minmay_snake_closets
D:5:      layout_loops_ring, chequers_temple_overflow_statue_of_worship,
          grunt_dithmenos_shadows, nicolae_tso_swordbearing_angel,
          minmay_temple_entry_arrows, serial_shops, shop, minmay_joined_circles,
          uniq_blork_the_orc

Skill      XL: |  1  2  3  4  5  6 |
---------------+-------------------+-----
Conjurations   | 1 2 |  2.9
Dodging        | 2 3 |  3.6
Spellcasting   | 3 4 5 |  5.1
Stealth        | |  2.1
Summonings     | |  0.8
Translocations | |  0.8

Action                   |  1- 3 |  4- 6 |  7- 9 || total
-------------------------+-------+-------+-------++-------
Melee: Unarmed           |   119 |   228 |       ||   347
       Quarterstaff      |       |    17 |    15 ||    32
 Cast: Magic Dart        |    76 |    43 |       ||   119
       Call Imp          |     5 |    21 |     2 ||    28
       Conjure Flame     |       |     1 |       ||     1
  Use: Scroll            |     3 |       |       ||     3
 Stab: Distracted        |       |     1 |       ||     1
       Sleeping          |       |     1 |       ||     1
  Eat: Chunk             |    20 |    15 |       ||    35
Armor: Robe              |    29 |    57 |     9 ||    95
Dodge: Dodged            |    95 |   160 |    10 ||   265

Table legend:
 A = Non-vault XP
 B = Vault XP
 C = Vault XP percentage of total XP
 D = Non-vault monster count
 E = Vault monster count
 F = Vault count percentage of total count
                 A         B        C        D         E       F
            +---------+---------+-------+---------+---------+-------
      Total |     363 |     324 |  47.2 |      64 |      21 |  24.7
            +---------+---------+-------+---------+---------+-------
        D:1 |      34 |       0 |   0.0 |      21 |       0 |   0.0
        D:2 |      17 |       0 |   0.0 |       4 |       0 |   0.0
        D:3 |      86 |     256 |  74.9 |      29 |       4 |  12.1
        D:4 |     152 |      68 |  30.9 |       7 |      17 |  70.8
        D:5 |      74 |       0 |   0.0 |       3 |       0 |   0.0
            +---------+---------+-------+---------+---------+-------
